 Dungeon Crawl Stone Soup version 0.30-a0-1002-ga41ad49a19 (webtiles) character file.

Game seed: 6813161776740022519

631480 112233 the Sorcerer (level 27, -5/374 HPs)
             Began as a Demonspawn Earth Elementalist on Apr 5, 2023.
             Was a Follower of Jiyva.
             Slain by a reaper
             ... wielding a +2 vampiric scythe
              (20 damage)
             ... in the Vestibule of Hell.
             The game lasted 02:40:24 (73442 turns).

112233 the Sorcerer (DsEE)                         Turns: 73442, Time: 02:40:25

Health: -5/374     AC: 39    Str: 10 (13) XL:     27
Magic:  0/49       EV: 19    Int: 32      God:    Jiyva [*.....]
Gold:   1985       SH:  0    Dex: 16      Spells: 2/71 levels left

rFire   + + +      SeeInvis +    w - +3 Elemental Staff {rElec rF++ rC++ AC+5}
rCold   + + .      Faith    .    (no shield)
rNeg    + . .      Spirit   +    T - melded +2 robe {Archmagi}
rPois   ∞          Reflect  .    (helmet unavailable)
rElec   +          Rampage  .    (cloak unavailable)
rCorr   .                        (gloves unavailable)
Will    ++...                    G - melded +1 pair of boots of Deag {Rampage rCorr Slay+2 SInv}
Stlth   ++                       F - amulet of magic regeneration
HPRegen 1.62/turn                k - ring of Acinon {Wiz rElec}
MPRegen 1.27/turn                o - ring of Deapp {rF+ Int+6}

@: about to teleport, statue-form, very slightly contaminated, constricted,
studying 3 skills, very slow
A: slow and powerful, torment resistance 1, boosted hp, antennae 3, claws 3,
icemail 2, robust 3, magic shield, magic regeneration, magic link, condensation
shield, weakness stinger 3, strong 1, subdued magic 1
}: 3/15 runes: barnacled, silver, gossamer
a: End Transformation, Renounce Religion


You were in the Vestibule of Hell.
You worshipped Jiyva.
Jiyva was aware of your devotion.
You were a living statue of rough stone.
You visited 12 branches of the dungeon, and saw 48 of its levels.
You visited the Abyss 2 times.
You visited 1 bazaar.
You visited 1 ziggurat, and saw 13 of its levels.
You also visited: Sewer and Bailey.

You collected 25617 gold pieces.
You spent 9974 gold pieces at shops.
You paid 13658 gold pieces to Gozag.

Inventory:

Hand Weapons
 v - the +7 lajatang of Order {silver, rMut}
   (You found it on level 3 of the Elven Halls)

   rMut:      It protects you from mutation.
 w - the +3 Elemental Staff (weapon) {rElec rF++ rC++ AC+5}
   (You found it on level 3 of the Elven Halls)

   It enhances your fire, ice, earth and air magic.
   AC:        It affects your AC (+5).
   rF:        It greatly protects you from fire.
   rC:        It greatly protects you from cold.
   rElec:     It insulates you from electricity.
Armour
 G - the +1 pair of boots of Deag (melded) {Rampage rCorr Slay+2 SInv}
   (You found it on level 6 of the Dungeon)

   Slay:      It affects your accuracy & damage with ranged weapons and melee
   (+2).
   SInv:      It lets you see invisible.
   rCorr:     It protects you from acid and corrosion.
   Rampage:   It bestows one free step when moving towards enemies.
 T - a +2 robe of the Archmagi (melded)
Jewellery
 b - the ring "Puaschu" {Int+3 Dex+6}
   (You found it on level 2 of the Depths)

   [ring of dexterity]

   Int:       It affects your intelligence (+3).
   Dex:       It affects your dexterity (+6).
 k - the ring of Acinon (left claw) {Wiz rElec}
   (You bought it in a shop in a bazaar)

   [ring of wizardry]

   It improves your spell success rate.
   rElec:     It insulates you from electricity.
 o - the ring of Deapp (right claw) {rF+ Int+6}
   (You acquired it on level 7 of a ziggurat)

   [ring of intelligence]

   Int:       It affects your intelligence (+6).
   rF:        It protects you from fire.
 r - a ring of wizardry
 F - an amulet of magic regeneration (around neck)
 O - the ring of Darkness {rCorr Dex+3 SInv}
   (You took it off an ogre mage on level 5 of the Vaults)

   [ring of resist corrosion]

   Dex:       It affects your dexterity (+3).
   SInv:      It lets you see invisible.
   rCorr:     It protects you from acid and corrosion.
 Z - the amulet "Guuhyfox" {Regen+ Str+7}
   (You took it off a deep elf annihilator on level 3 of the Elven Halls)

   [amulet of regeneration]

   Str:       It affects your strength (+7).
   Regen:     It increases your rate of health regeneration.
Wands
 u - a wand of flame (47)
 A - a wand of mindburst (46)
 J - a wand of paralysis (60)
 L - a wand of light (1)
 M - a wand of roots (36)
 X - a wand of digging (19)
 Y - a wand of polymorph (26)
Scrolls
 a - 36 scrolls of identify
 c - 10 scrolls of immolation
 d - 10 scrolls of magic mapping
 h - 2 scrolls of amnesia
 i - 21 scrolls of teleportation
 l - 12 scrolls of fog
 m - 8 scrolls of poison
 x - 8 scrolls of vulnerability
 B - 3 scrolls of butterflies
 E - 6 scrolls of torment
 I - 5 scrolls of enchant weapon
 P - 7 scrolls of enchant armour
 S - 4 scrolls of silence
 V - 6 scrolls of fear
Potions
 e - 9 potions of attraction
 f - 2 potions of brilliance
 j - 13 potions of haste
 n - 17 potions of mutation
 p - 4 potions of magic
 q - 14 potions of lignification
 s - 7 potions of berserk rage
 z - 12 potions of flight
 C - 8 potions of might
 D - 8 potions of cancellation
 H - 7 potions of heal wounds
 K - 32 potions of curing
 N - 4 potions of invisibility
 U - 8 potions of ambrosia
Miscellaneous
 g - a condenser vane (inert)
 t - a tin of tremorstones (1/2)
 Q - a box of beasts
 R - a phantom mirror (inert)
 W - a phial of floods


   Skills:
 + Level 19.4 Fighting
 + Level 18.1 Dodging
 - Level 1.9 Stealth
 + Level 6.3 Unarmed Combat
 * Level 22.6 Spellcasting
 - Level 8.0 Conjurations
 + Level 18.3 Necromancy
 - Level 10.4 Transmutations
 * Level 18.0 Earth Magic
 - Level 15.9 Evocations


You had 2 spell levels left.
You knew the following spells:

 Your Spells              Type           Power      Damage    Failure   Level
a - Borgnjor's Vile Clut  Necr/Erth      54%        N/A       0%          5
b - Iron Shot             Conj/Erth      47%        9d9       1%          6
c - Passwall              Tmut/Erth      81%        N/A       0%          2
d - Dispel Undead         Necr           87%        3d28      0%          4
e - Apportation           Tloc           54%        N/A       1%          1
f - Borgnjor's Revivific  Necr           43%        N/A       1%          8
g - Statue Form           Tmut/Erth      65%        N/A       1%          6
h - Shatter               Erth           54%        3d41*     17%         9
i - Haunt                 Necr/Summ      32%        N/A       5%          7
j - Irradiate             Conj/Tmut      32%        3d22      1%          5
k - Infestation           Necr           43%        N/A       1%          8
l - Necromutation         Tmut/Necr      39%        N/A       4%          8

Your spell library contained the following spells:

 Spells                   Type           Power      Damage    Failure   Level
 Beastly Appendage        Tmut           100%       N/A       0%          1
 Kiss of Death            Conj/Necr      100%       2d13      0%          1
 Magic Dart               Conj           100%       1d8       0%          1
 Necrotise                Necr           100%       1d9       0%          1
 Sandblast                Erth           100%       2d20      0%          1
 Sublimation of Blood     Necr           87%        N/A       0%          2
 Wereblood                Tmut           68%        N/A       0%          2
 Shock                    Conj/Air       100%       1d9       1%          1
 Sting                    Tmut/Pois      100%       1d8       1%          1
 Cigotuvi's Dreadful Rot  Necr/Pois/Air  100%       N/A       1%          2
 Ensorcelled Hibernation  Hex/Ice        82%        N/A       1%          2
 Poisonous Vapours        Pois/Air       82%        N/A       1%          2
 Static Discharge         Conj/Air       100%       2-7/arc   1%          2
 Stone Arrow              Conj/Erth      100%       3d13      0%          3
 Vampiric Draining        Necr           87%        2d12      0%          3
 Animate Dead             Necr           87%        N/A       0%          4
 Petrify                  Tmut/Erth      98%        N/A       0%          4
 Agony                    Necr           87%        N/A       0%          5
 Lee's Rapid Deconstruct  Erth           54%        3d25*     0%          5
 Call Canine Familiar     Summ           27%        N/A       1%          3
 Confusing Touch          Hex            27%        N/A       1%          3
 Dazzling Flash           Conj/Hex       94%        N/A       1%          3
 Gell's Gravitas          Tloc           27%        N/A       1%          3
 Hailstorm                Conj/Ice       64%        3d14      1%          3
 Ignite Poison            Fire/Tmut/Pois 61%        N/A       1%          3
 Inner Flame              Hex/Fire       41%        N/A       1%          3
 Kindle Blastsparks       Fire/Tloc/Air  100%       2d18      1%          3
 Mephitic Cloud           Conj/Pois/Air  57%        N/A       1%          3
 Ozocubu's Armour         Ice            41%        N/A       1%          3
 Portal Projectile        Hex/Tloc       54%        N/A       1%          3
 Spider Form              Tmut/Pois      52%        N/A       1%          3
 Summon Guardian Golem    Hex/Summ       27%        N/A       1%          3
 Swiftness                Air            41%        N/A       1%          3
 Teleport Other           Tloc           27%        N/A       1%          3
 Tukima's Dance           Hex            27%        N/A       1%          3
 Vhi's Electric Charge    Tloc/Air       82%        N/A       1%          3
 Anguish                  Hex/Necr       32%        N/A       1%          4
 Animate Armour           Summ/Erth      100%       N/A       1%          4
 Fulminant Prism          Conj/Hex       23%        3d12      1%          4
 Iskenderun's Mystic Bla  Conj/Tloc      47%        2d10      1%          4
 Leda's Liquefaction      Hex/Erth       41%        N/A       1%          4
 Sticky Flame             Conj/Fire      64%        2d8       1%          4
 Alistair's Intoxication  Tmut/Pois      34%        N/A       1%          5
 Arcjolt                  Conj/Air       32%        1d42      1%          5
 Blade Hands              Tmut           34%        N/A       1%          5
 Fireball                 Conj/Fire      32%        3d14      1%          5
 Iskenderun's Battlesphe  Conj           61%        2d11      1%          5
 Yara's Violent Unravell  Hex/Tmut       26%        3d11      1%          5
 Death Channel            Necr           43%        N/A       1%          6
 Simulacrum               Ice/Necr       41%        N/A       1%          6
 Airstrike                Air            20%        2d(3-19)  2%          4
 Cause Fear               Hex            13%        N/A       2%          4
 Manifold Assault         Tloc           27%        N/A       2%          4
 Olgreb's Toxic Radiance  Pois           27%        N/A       2%          4
 Passage of Golubria      Tloc           27%        N/A       2%          4
 Summon Ice Beast         Ice/Summ       41%        N/A       2%          4
 Summon Lightning Spire   Summ/Air       41%        N/A       2%          4
 Freezing Cloud           Conj/Ice/Air   37%        6-21      2%          5
 Dragon Form              Tmut           34%        N/A       3%          7
 Eringya's Noxious Bog    Tmut/Pois      26%        N/A       5%          6
 Metabolic Englaciation   Hex/Ice        20%        N/A       8%          5
 Summon Mana Viper        Hex/Summ       27%        N/A       8%          5
 Conjure Ball Lightning   Conj/Air       32%        3x3d10    9%          6
 Orb of Destruction       Conj           30%        9d10      9%          7
 Death's Door             Necr           43%        N/A       16%         9
 Storm Form               Tmut/Air       34%        N/A       28%         7
 Dispersal                Tloc           13%        N/A       38%         6
 Plasma Beam              Fire/Air       29%        2x1d45    38%         6
 Enfeeble                 Hex            13%        N/A       92%         7
 Monstrous Menagerie      Summ           13%        N/A       92%         7
 Summon Hydra             Summ           13%        N/A       92%         7
 Discord                  Hex            13%        N/A       100%        8
 Disjunction              Tloc           13%        N/A       100%        8
 Ignition                 Fire           20%        3d7       100%        8
 Maxwell's Capacitive Co  Air            20%        ∞         100%        8
 Summon Horrible Things   Summ           13%        N/A       100%        8
 Dragon's Call            Summ           13%        N/A       100%        9


Dungeon Overview and Level Annotations

Branches:
Dungeon (15/15)            Temple (0/1) D:6            Lair (5/5) D:10
 Shoals (4/4) Lair:3       Spider (4/4) Lair:3        Slime (0/5) Lair:5
    Orc (2/2) D:9             Elf (3/3) Orc:2        Vaults (5/5) D:14
  Crypt (3/3) Vaults:2       Tomb (1/3) Crypt:3      Depths (4/4) D:15
   Hell (1/1)                 Zot (1/5) Depths:4      Sewer (visited)
 Bailey (visited)
    Dis: Hell:1         Geh: Hell:1         Coc: Hell:1         Tar: Hell:1

Altars:
Ashenzari
Cheibriados
Dithmenos
Fedhas
Gozag
Makhleb
Ru
Trog
Vehumet
Wu Jian
Xom
Yredelemnul
Jiyva

Shops:
D:2 ?   D:5 *([   D:7 !   D:9 *   D:14 *   Orc:1 :   Orc:2 =[[(   Elf:2 (!
Elf:3 :   Lair:2 :   Lair:4 *:   Lair:5 *   Shoals:4 [   Vaults:1 :=*:
Vaults:2 *   Vaults:5 (   Depths:2 :   Depths:3 *

Portals:
Hell: Depths:1 Depths:2 Depths:3 Depths:4
Abyss: Depths:1 Depths:3
Pandemonium: Depths:2

Annotations:
D:4 1 runed translucent door, Crazy Yiuf
D:12 3 runed translucent doors, CryoSword's ghost, journeyman DgCj
Lair:2 exclusion: downstairs
Lair:4 exclusion: downstairs
Orc:1 exclusion: downstairs
Elf:2 4 runed translucent doors, Zanapn's ghost, journeyman DEAE
Vaults:2 2 transporters, 112233's ghost, adept DEEE
Vaults:3 3 runed translucent doors, Kiqipt's ghost, adept HuMo
Depths:2 4 runed translucent doors, Fopulom's ghost, veteran GrEE
Hell Geryon


Innate Abilities, Weirdness & Mutations

You are a living statue of rough stone.
Your actions are slow, but your melee attacks are powerful.
You are resistant to unholy torment.
Your maximum health is greatly increased.
You are immune to poison.
Your equipment is partially melded.
You have a pair of large antennae on your head. (SInv)
You have claws for hands.
A meltable icy envelope protects you from harm. (AC +0)
You are extremely robust. (+30% HP)
When hurt, damage is shared between your health and your magic reserves.
You regenerate magic rapidly.
When low on magic, you restore magic in place of health.
A meltable shield of frost defends you. (SH +0)
You have a sharp stinger which inflicts weakening toxins.
Your muscles are strong. (Str +4, Int/Dex -1)
Your spells are a little easier to cast, but a little less powerful.


Message History

The hell knight blinks!
The hell hog squeals angrily.
You hear an angry squeal. x2
Unknown command.
You feel much better. The reaper completely misses you.
The reaper hits you but does no damage.
The hell knight prays to its god.
The hell knight blinks!
The tentacled monstrosity misses you.
The tentacled monstrosity tentacle-slaps you but does no damage. x2
The tentacled monstrosity constricts you!
* * * LOW HITPOINT WARNING * * *
The hell knight mumbles some strange prayers to its god.
The hell knight blinks!
The reaper hits you from afar with a +2 vampiric scythe!!!
* * * LOW HITPOINT WARNING * * *
The hell hog breathes fire at you.
The fireball explodes!
The fireball engulfs you.
Your icy defences dissipate!
You resist.
* * * LOW HITPOINT WARNING * * *
The fireball engulfs the tentacled monstrosity!
The tentacled monstrosity resists.
A hell hog comes into view.
You hear a roar!
You hear a chilling moan.
Unknown command.
Gozag petitions for your drink to fail.
The reaper hits you from afar with a +4 scythe of venom.
* * * LOW HITPOINT WARNING * * *
The reaper hits you from afar with a +2 vampiric scythe!
* * * LOW HITPOINT WARNING * * *
The reaper closely misses you.
The hell knight prays to its god.
The hell knight blinks!
The tentacled monstrosity tentacle-slaps you but does no damage.
The tentacled monstrosity completely misses you.
The tentacled monstrosity tentacle-slaps you but does no damage.
The tentacled monstrosity constricts you.
A rust devil comes into view.
Geryon winds a great silver horn.
The reaper hits you from afar with a +2 vampiric scythe!!
You die...

#8...........
#+#..........h.
..8............
...........p...
..p.......3....
4.......§.hp...
...............
...........§..8..*....
.............X........
............22.....4..
....#.....#2hh......≈≈
...........4.......≈§.
.....&..&2...........§
.....2...........≈≈...
#...23h2....#4..≈≈≈≈≈
......2....^...


You could see Geryon, a tentacled monstrosity (infested), a hell beast
(summoned), 3 reapers, a blizzard demon, 2 hell knights, 2 hell hogs, a sun
demon, 2 rust devils, a necromancer, 2 red devils, 3 hell hounds and a creeping
inferno.

Vanquished Creatures
  A dread lich (Zig:4)
  Mara (Shoals:4)
  3 ancient liches
  A juggernaut (Depths:1)
  16 royal mummies
  A Killer Klown (Zig:13)
  Sojobo (Vaults:4)
  Saint Roka (Vaults:4)
  Xtahua (Vaults:4)
  A caustic shrike (Zig:8)
  Nikola (Shoals:3)
  2 golden dragons
  2 profane servitors
  2 bone dragons
  A doom hound (Zig:9)
  2 Tzitzimimeh
  An electric golem (Zig:11)
  Zenata (Vaults:1)
  2 tainted leviathans (Zig:7)
  4 tentacled monstrosities
  2 liches
  Rupert (D:14)
  A walking frostbound tome (Depths:3)
  A walking earthen tome (Depths:2)
  2 titans (Zig:11)
  2 deep elf blademasters
  2 deep elf master archers (Elf:3)
  4 tentacled starspawn (Abyss:3)
  Frances (D:12)
  9 sphinxes
  6 ancient champions
  7 shadow dragons
  6 storm dragons
  11 tengu reavers
  Gastronok (D:8)
  A revenant (Zig:5)
  A daeva (Zig:5)
  A draconian knight (Depths:4)
  An azure jelly (Zig:2)
  2 deep elf sorcerers (Elf:3)
  4 frost giants
  11 vault wardens
  Louise (Shoals:3)
  A caustic shrike zombie (Crypt:3)
  A fire giant (Vaults:5)
  2 ghouls (Crypt:2)
  3 orc warlords
  2 ghost moths
  4 deep elf elementalists
  3 curse skulls
  A juggernaut skeleton (Depths:3)
  A quicksilver ooze (Zig:2)
  A demonspawn blood saint (Zig:12)
  10 stone giants
  12 ironbound preservers
  2 war gargoyles
  3 ironbound thunderhulks
  17 very ugly things
  11 vampire knights
  6 deep elf demonologists
  5 deep elf annihilators
  8 dire elephants (Vaults:1)
  7 spark wasps
  A purple draconian (Depths:4)
  A red draconian (Depths:4)
  2 yellow draconians (Depths:4)
  5 eidola
  3 merfolk javelineers
  Josephine (D:13)
  8 fire dragons
  3 iron golems (Zig:8)
  12 mummy priests (Tomb:1)
  5 deep elf high priests
  7 deep elf death magi
  10 jiangshi
  A quicksilver dragon zombie (Crypt:3)
  6 great orbs of eyes
  10 ettins
  7 merfolk impalers
  2 entropy weavers
  2 ice dragons
  3 ogre magi
  7 yaktaur captains
  2 ghost crabs (Spider:1)
  3 spriggan air magi
  12 vault guards
  4 hydras
  A jorogumo (Spider:3)
  An alligator snapping turtle (Shoals:4)
  5 catoblepae
  5 ironbound frosthearts
  3 radroaches
  3 merfolk aquamancers
  14 centaur warriors
  4 boulder beetles
  14 two-headed ogres
  24 dancing weapons
  2 deep troll shamans
  13 death yaks
  5 death scarabs (Tomb:1)
  A caustic shrike simulacrum (Depths:3)
  A tengu warrior (D:15)
  2 merfolk avatars
  3 satyrs
  A spriggan berserker (Depths:1)
  14 vampire magi
  A shock serpent (Zig:11)
  9 hell knights
  9 deep elf knights
  Amaemon (D:7)
  2 wretched stars (Abyss:3)
  2 shadow wraiths (Crypt:3)
  A sun demon (Zig:12)
  4 soul eaters
  A sixfirhy (Abyss:3)
  4 pharaoh ants
  5 skysharks
  4 iron trolls
  2 sun moths
  5 sea snakes
  Lodul (D:12)
  A deep troll (shapeshifter) (Depths:2)
  9 large abominations
  A bunyip zombie (Crypt:3)
  14 skeletal warriors
  An iron giant zombie (Crypt:3)
  3 golden dragon zombies (Crypt:3)
  2 orb spiders
  9 steelbarb worms
  4 deep elf archers
  2 glowing orange brains
  2 flayed ghosts
  28 deep trolls
  8 ironbound convokers
  10 lindwurms
  3 wizards
  Pikel (D:7)
  A bog body (Crypt:2)
  6 orc knights
  14 deep elf zephyrmancers
  17 harpies
  8 phantasmal warriors
  23 deep elf pyromancers
  4 necromancers
  A mana viper (shapeshifter) (Depths:4)
  A bunyip skeleton (Crypt:2)
  19 wolf spiders
  An orc sorcerer (Orc:1)
  11 manticores
  4 fauns
  A worldbinder (Abyss:3)
  12 cyclopes
  22 ugly things
  Maurice (D:8)
  7 elephants
  A manticore (shapeshifter) (Depths:1)
  2 naga zombies (Crypt:3)
  2 rust devils (Depths:2)
  6 merfolk sirens
  5 black mambas
  An apocalypse crab (Zig:13)
  A centaur zombie (Crypt:2)
  A water nymph (shapeshifter) (Depths:3)
  2 smoke demons (Depths:4)
  8 water nymphs
  20 vault sentinels
  13 cane toads
  A spectral iron troll (Crypt:3)
  2 starcursed masses (Zig:5)
  A shock serpent skeleton (Crypt:1)
  3 torpor snails
  6 demonic crawlers
  A hellion (Zig:7)
  An orange demon (D:8)
  8 komodo dragons
  2 rime drakes
  A yellow draconian zombie (Crypt:1)
  A minotaur zombie (Crypt:3)
  A freezing wraith (Vaults:5)
  2 unseen horrors
  2 ice devils (Depths:2)
  An efreet (D:15)
  25 yaktaurs
  2 tengu conjurers
  2 spectral deep trolls (Crypt:3)
  12 guardian mummies
  4 tormentors
  12 trolls
  4 ancient zymes
  An iron giant simulacrum (Crypt:3)
  2 harpy zombies (Crypt:3)
  Prince Ribbit (Bailey)
  31 merfolk
  12 meliai
  4 wind drakes
  24 tarantellas
  5 hornets
  5 tyrant leeches (Spider:1)
  2 hellwings (Depths:2)
  7 raiju
  19 blink frogs
  Grinder (D:3)
  An ettin zombie (Crypt:1)
  A jumping spider zombie (Crypt:2)
  A guardian serpent zombie (Crypt:2)
  A polar bear (Lair:5)
  5 dream sheep
  An alligator zombie (Crypt:1)
  4 snapping turtles (Shoals:4)
  14 jumping spiders
  A flying skull (Abyss:3)
  3 air elementals
  3 wyverns
  36 slime creatures
  2 ynoxinuls
  25 culicivoras
  2 shadows
  2 centaur simulacra
  6 basilisks
  17 water elementals
  4 fire elementals
  15 humans
  13 vampires
  7 wraiths
  25 yaks
  3 ushabtiu (Tomb:1)
  Grum (D:8)
  7 wargs
  2 chaos spawn
  3 neqoxecs (Abyss:3)
  2 steam dragons
  39 redbacks
  Menkaure (D:7)
  9 vampire mosquitoes
  An acid dragon (shapeshifter) (Vaults:5)
  A deep troll zombie (Crypt:3)
  11 water moccasins
  5 acid dragons
  A floating eye (shapeshifter) (Vaults:4)
  3 hell hounds (D:12)
  26 orc warriors
  Duvessa (D:7)
  3 black bears
  29 ogres
  4 boggarts (Vaults:1)
  A blink frog skeleton (Crypt:1)
  14 centaurs
  3 phantoms (D:5)
  A salamander zombie (Crypt:1)
  8 wolves
  4 lemures (D:7)
  A fire crab zombie (Crypt:3)
  2 kobold brigands
  A rime drake zombie (Crypt:2)
  22 bullfrogs
  A vine stalker zombie (Crypt:2)
  3 scorpions
  9 small abominations
  A cane toad simulacrum (Lair:3)
  A gnoll sergeant (D:8)
  An earth elemental (Elf:1)
  4 wights (D:8)
  Dowan (D:7)
  A water moccasin skeleton (Crypt:1)
  16 killer bees
  A yak skeleton (Crypt:2)
  9 electric eels
  2 howler monkeys
  A crimson imp (D:8)
  19 orc priests
  A centaur skeleton (Crypt:1)
  A gnoll bouda (D:7)
  3 hounds
  6 iguanas
  5 jellies
  2 human zombies (Crypt:1)
  A sleepcap (D:6)
  3 human skeletons (Crypt:1)
  Ijyb (D:4)
  17 orc wizards
  2 polar bear simulacra (Lair:3)
  A sky beast zombie (Crypt:2)
  An ice beast zombie (Crypt:2)
  An ogre skeleton (Crypt:3)
  10 mummies
  Robin (D:4)
  10 gnolls
  12 adders
  4 white imps
  2 ufetubi
  3 worms
  2 dart slugs
  60 orcs
  14 bats
  13 endoplasms
  11 giant cockroaches
  21 goblins
  10 hobgoblins
  4 quokkas
  10 ball pythons
  10 frilled lizards
  A jackal skeleton (Crypt:1)
  19 kobolds
  An orc skeleton (Crypt:3)
  3 rats
  A ball lightning (Zig:13)
  A butterfly (Lair:2)
  A starspawn tentacle (Abyss:3)
  2 tentacles (Shoals:3)
1767 creatures vanquished.

Vanquished Creatures (collateral kills)
  A royal mummy (Tomb:1)
  A profane servitor (Zig:7)
  4 bone dragons
  An electric golem (Zig:11)
  3 tainted leviathans
  3 liches
  3 tentacled monstrosities
  A deep elf blademaster (Elf:3)
  2 titans (Vaults:5)
  An ancient champion (Crypt:3)
  Polyphemus (Shoals:2)
  A tentacled starspawn (Zig:6)
  2 sphinxes (Tomb:1)
  3 tengu reavers (Vaults:5)
  2 shadow dragons
  A kraken (Shoals:3)
  A fenstrider witch (shapeshifter) (Depths:4)
  4 fire giants
  2 revenants
  An emperor scorpion (Spider:3)
  2 frost giants (Depths:2)
  11 vault wardens
  A draconian shifter (Depths:4)
  4 ghost moths
  2 reapers
  3 ghouls (Crypt:3)
  6 ironbound preservers
  3 war gargoyles (Vaults:5)
  A broodmother (Spider:4)
  A juggernaut zombie (Crypt:3)
  6 stone giants
  12 very ugly things
  2 vampire knights (Depths:2)
  2 ironbound thunderhulks
  2 putrid mouths (Zig:9)
  4 dire elephants (Vaults:1)
  A yellow draconian (Depths:4)
  2 purple draconians (Depths:4)
  4 spark wasps
  A red draconian (Depths:4)
  An eidolon (Crypt:2)
  2 deep elf death magi
  2 mummy priests (Tomb:1)
  3 entropy weavers
  A jiangshi (Crypt:3)
  A quicksilver dragon zombie (Crypt:3)
  2 fire dragons
  3 ettins
  A merfolk impaler (Shoals:2)
  A fenstrider witch zombie (Crypt:3)
  A yaktaur captain (Vaults:5)
  A rakshasa (Depths:2)
  A jorogumo (Spider:4)
  A spriggan zombie (Crypt:2)
  18 vault guards
  2 ice dragons (Depths:4)
  3 ogre magi (Vaults:5)
  2 radroaches
  A spriggan air mage (Depths:1)
  2 centaur warriors (Vaults:1)
  2 ironbound frosthearts
  2 alligator snapping turtles
  2 merfolk aquamancers (Shoals:4)
  A merfolk avatar (Shoals:1)
  2 tengu warriors
  A death scarab (Tomb:1)
  A boulder beetle (Spider:4)
  An Orb Guardian skeleton (Crypt:3)
  2 deep troll earth magi
  5 deep troll shamans
  2 dancing weapons
  2 vampire magi (Crypt:3)
  2 death yaks (Shoals:2)
  A soul eater (Crypt:3)
  6 hell knights
  A large abomination (Abyss:3)
  A deep elf knight (Elf:3)
  A spatial maelstrom (Zig:6)
  A wretched star (Zig:6)
  2 pharaoh ants (Spider:4)
  An iron troll (Depths:4)
  10 skeletal warriors
  A shadow demon (Depths:2)
  2 glowing orange brains (Depths:1)
  An anaconda zombie (Crypt:3)
  19 deep trolls
  4 orb spiders
  9 phantasmal warriors
  6 ironbound convokers
  4 necromancers
  An orc knight (Vaults:2)
  15 ugly things
  6 wolf spiders
  A deep elf zephyrmancer (Elf:3)
  2 harpies
  A stone giant zombie (Crypt:2)
  A goliath frog skeleton (Crypt:3)
  A faun (Shoals:1)
  2 cyclopes (Shoals:1)
  3 moths of wrath
  A water nymph (Shoals:4)
  A merfolk siren (Shoals:4)
  2 demonic crawlers
  7 vault sentinels
  2 elephants (Lair:2)
  A torpor snail (Spider:4)
  A hellion (Zig:8)
  A catoblepas zombie (Crypt:2)
  A bunyip simulacrum (Crypt:2)
  A yaktaur (shapeshifter) (Vaults:5)
  A tengu conjurer (Depths:2)
  A black draconian skeleton (Crypt:3)
  5 guardian mummies (Tomb:1)
  A freezing wraith (Vaults:5)
  An ice devil (Depths:2)
  A harpy zombie (Crypt:3)
  A tormentor (Zig:9)
  14 yaktaurs
  A troll (D:12)
  5 merfolk
  4 meliai
  A wind drake (Shoals:4)
  A wind drake (shapeshifter) (Vaults:5)
  A raiju (shapeshifter) (Vaults:5)
  A snapping turtle (Shoals:1)
  4 raiju
  6 tarantellas
  An iron troll skeleton (Crypt:2)
  2 dream sheep (Shoals:2)
  5 jumping spiders
  A spriggan (Depths:1)
  A yak (D:9)
  6 slime creatures
  8 culicivoras
  3 vampires (Crypt:3)
  A dire elephant simulacrum (Crypt:3)
  4 humans (D:14)
  5 vampire mosquitoes
  A human zombie (Depths:3)
  16 redbacks
  A warg (Vaults:4)
  An ogre (D:12)
  An elephant skeleton (Crypt:3)
  3 starcursed masses (Zig:5)
  3 mummies (Tomb:1)
  An orc (Vaults:4)
  A dart slug zombie (Crypt:3)
  A jackal zombie (Crypt:3)
  A starspawn tentacle (Zig:6)
  2 tentacles (Shoals:3)
421 creatures vanquished.

Vanquished Creatures (others)
  2 Killer Klowns (Zig:13)
  A pandemonium lord (Zig:13)
  A frost giant (shapeshifter) (Zig:13)
  A vault warden (Vaults:3)
  2 deep elf sorcerers
  An ironbound preserver (Vaults:3)
  A war gargoyle (Zig:8)
  A stone giant (Depths:1)
  A deep elf death mage (Elf:3)
  2 ettins
  4 vault guards (Vaults:5)
  A spriggan air mage (Zig:11)
  A hell beast (Zig:12)
  A deep troll earth mage (Depths:3)
  A wretched star (Zig:5)
  A hell knight (Depths:1)
  2 wizards
  A lindwurm (Vaults:3)
  A deep elf pyromancer (Elf:1)
  A faun (shapeshifter) (Depths:2)
  A harpy (Vaults:4)
  A wolf spider (Spider:4)
  A slime creature (D:14)
  An ancient zyme (Zig:6)
  A tyrant leech (Spider:1)
  A jumping spider (Spider:4)
  A fire elemental (Zig:10)
  3 redbacks
  A chaos spawn (Zig:13)
  17 jellies (Tomb:1)
  11 ball lightnings (Zig:13)
  21 fungi
  59 plants
  16 starspawn tentacles
  2 tentacles (Shoals:3)
164 creatures vanquished.

Grand Total: 2352 creatures vanquished

Notes
Turn   | Place    | Note
-------+----------+-------------------------------------------
     0 | D:1      | 112233 the Demonspawn Earth Elementalist began the quest
                  | for the Orb.
     0 | D:1      | Reached XP level 1. HP: 13/13 MP: 3/3
    94 | D:1      | Reached skill level 1 in Transmutations
   339 | D:1      | Discovered your monstrous ancestry.
   339 | D:1      | Gained mutation: You have a small tail. [demonic ancestry]
   339 | D:1      | Reached XP level 2. HP: 13/19 MP: 3/5
   718 | D:1      | Reached skill level 3 in Spellcasting
   870 | D:1      | Gained mutation: You have sharp fingernails. [demonic
                  | ancestry]
   870 | D:1      | Reached XP level 3. HP: 24/24 MP: 3/7
  1677 | D:2      | Found Koarreni's Magic Scroll Shoppe.
  1683 | D:2      | Gained mutation: You regenerate magic rapidly. [demonic
                  | ancestry]
  1683 | D:2      | Reached XP level 4. HP: 30/30 MP: 5/9
  1994 | D:2      | Reached skill level 4 in Spellcasting
  2337 | D:3      | Found a faded altar of an unknown god.
  2418 | D:3      | Learned a level 3 spell: Stone Arrow
  2421 | D:3      | Learned a level 2 spell: Passwall
  2494 | D:3      | Found a basalt altar of Yredelemnul.
  2703 | D:3      | Gained mutation: A meltable shield of frost defends you.
                  | (SH +0) [demonic ancestry]
  2703 | D:3      | Reached XP level 5. HP: 29/35 MP: 8/12
  2926 | D:3      | Identified the +7 spear "Loramave" {venom, Int+2}
  2982 | D:3      | Reached skill level 5 in Spellcasting
  3033 | D:3      | Noticed Grinder
  3043 | D:3      | Paralysed by Grinder for 4 turns
  3048 | D:3      | Killed Grinder
  3049 | D:3      | Reached skill level 6 in Spellcasting
  3049 | D:3      | Reached XP level 6. HP: 21/41 MP: 9/15
  3610 | D:4      | Reached skill level 1 in Fighting
  3629 | D:4      | Gained mutation: You have a pair of small antennae on your
                  | head. [demonic ancestry]
  3629 | D:4      | Reached XP level 7. HP: 37/48 MP: 12/16
  4242 | D:4      | Noticed Ijyb
  4253 | D:4      | Killed Ijyb
  4485 | D:4      | Found a runed translucent door.
  4486 | D:4      | Noticed Crazy Yiuf
  4563 | D:4      | Noticed Robin
  4569 | D:4      | Killed Robin
  4707 | D:5      | Entered Level 5 of the Dungeon
  4707 | D:5      | Found Asuhuide's Armour Boutique.
  4749 | D:5      | Found a glowing drain.
  4769 | Sewer    | Entered a sewer
  5160 | Sewer    | Reached XP level 8. HP: 42/57 MP: 9/18
  5451 | D:5      | Reached skill level 7 in Spellcasting
  5663 | D:5      | Found Wusoeca's Weapon Shoppe.
  6112 | D:5      | Found Letimm's Assorted Antiques.
  6406 | D:5      | Reached skill level 5 in Earth Magic
  6487 | D:6      | Identified the +1 pair of boots of Deag {Rampage rCorr
                  | Slay+2 SInv}
  6682 | D:6      | Found an opulent altar of Gozag.
  6685 | D:6      | Found a sacrificial altar of Ru.
  6724 | D:6      | Became a worshipper of Gozag Ym Sagoz the Greedy
  6912 | D:6      | Found a staircase to the Ecumenical Temple.
  7051 | D:6      | Gained mutation: When hurt, damage is shared between your
                  | health and your magic reserves. [demonic ancestry]
  7051 | D:6      | Reached XP level 9. HP: 66/66 MP: 16/20
  7419 | D:7      | Noticed Menkaure
  7423 | D:7      | Killed Menkaure
  7673 | D:5      | Bought a red potion for 18 gold pieces
  7673 | D:5      | Bought an embroidered robe for 77 gold pieces
  7673 | D:5      | Bought a scroll labelled SOCVERHINN for 21 gold pieces
  7673 | D:5      | Bought a bronze wand for 84 gold pieces
  7795 | D:5      | Identified a scroll of acquirement
  7880 | D:7      | Reached skill level 5 in Dodging
  7908 | D:7      | Reached skill level 5 in Fighting
  8089 | D:7      | Learned a level 4 spell: Petrify
  8108 | D:7      | Reached skill level 8 in Spellcasting
  8673 | D:7      | Found Gotu's Distillery.
  8681 | D:7      | Bought a potion of curing for 39 gold pieces
  8708 | D:7      | Noticed Dowan
  8709 | D:7      | Noticed Duvessa
  8725 | D:7      | Killed Duvessa
  8726 | D:7      | Killed Dowan
  8975 | D:7      | Noticed Pikel
  9479 | D:7      | Killed Pikel
  9480 | D:7      | Gained mutation: When low on magic, you restore magic in
                  | place of health. [demonic ancestry]
  9480 | D:7      | Reached XP level 10. HP: 75/76 MP: 2/22
  9880 | D:8      | Noticed Gastronok
  9881 | D:8      | Noticed Amaemon
  9883 | D:8      | Noticed an orange demon
  9902 | D:7      | Killed Amaemon
 10292 | D:8      | Identified the staff of earth "Vueggiext" {rN++ Str+6}
 10353 | D:8      | Reached skill level 9 in Spellcasting
 10514 | D:8      | Noticed Grum
 10518 | D:8      | Killed Grum
 10519 | D:8      | Reached skill level 1 in Evocations
 10700 | D:8      | Noticed Maurice
 10834 | D:9      | Noticed a two-headed ogre
 10838 | D:9      | Killed a two-headed ogre
 10843 | D:9      | Found a staircase to the Orcish Mines.
 11024 | D:9      | Found a flagged portal.
 11040 | Bailey   | Entered a bailey
 11411 | Bailey   | Noticed Prince Ribbit
 11411 | Bailey   | Noticed a vault guard
 11418 | Bailey   | Killed Prince Ribbit
 11423 | Bailey   | Killed a vault guard
 11424 | Bailey   | Gained mutation: A meltable icy envelope protects you from
                  | harm. (AC +0) [demonic ancestry]
 11424 | Bailey   | Reached XP level 11. HP: 70/85 MP: 3/24
 11714 | Bailey   | Noticed a vault guard
 11741 | Bailey   | Killed a vault guard
 12039 | D:9      | Found a burning altar of Makhleb.
 12100 | D:9      | Noticed an angel
 12117 | D:9      | Found a shimmering altar of Xom.
 12294 | D:9      | Noticed an angel
 12295 | D:9      | Found Quunask's Hallowed Reliquary.
 12329 | D:9      | Bought a potion of curing for 36 gold pieces
 12329 | D:9      | Bought a potion of heal wounds for 60 gold pieces
 12579 | D:9      | Found a bloodstained altar of Trog.
 12777 | D:9      | Found a broken altar of Ashenzari.
 12883 | D:8      | Killed Maurice
 13078 | D:8      | Killed Gastronok
 13210 | D:8      | Reached skill level 10 in Spellcasting
 13495 | D:7      | Bought a potion of mutation for 104 gold pieces
 13495 | D:7      | Bought a potion of might for 52 gold pieces
 13495 | D:7      | Bought a potion of invisibility for 104 gold pieces
 13495 | D:7      | Bought a potion of haste for 130 gold pieces
 13495 | D:7      | Bought a potion of haste for 130 gold pieces
 13495 | D:7      | Bought a potion of ambrosia for 104 gold pieces
 13635 | D:2      | Bought a scroll of blinking for 105 gold pieces
 13635 | D:2      | Bought a scroll of teleportation for 42 gold pieces
 13635 | D:2      | Bought a scroll of fear for 56 gold pieces
 13635 | D:2      | Bought a scroll of fear for 56 gold pieces
 13640 | D:2      | Bought 2 scrolls of identify for 56 gold pieces
 13640 | D:2      | Bought a scroll of identify for 28 gold pieces
 13899 | Orc:1    | Entered Level 1 of the Orcish Mines
 13907 | Orc:1    | Noticed an orc knight
 13978 | D:10     | Entered Level 10 of the Dungeon
 14123 | D:10     | Found a staircase to the Lair.
 14471 | D:10     | Noticed a two-headed ogre
 14476 | D:10     | Killed a two-headed ogre
 14477 | D:10     | Reached skill level 5 in Evocations
 14676 | Lair:1   | Entered Level 1 of the Lair of Beasts
 14893 | Lair:1   | Gained mutation: You have a pair of antennae on your head.
                  | [demonic ancestry]
 14893 | Lair:1   | Reached XP level 12. HP: 43/94 MP: 21/26
 17282 | Lair:3   | Found a hole to the Spider Nest.
 17528 | D:11     | Reached skill level 11 in Spellcasting
 17647 | D:11     | Noticed a two-headed ogre
 17651 | D:11     | Killed a two-headed ogre
 18102 | D:11     | Noticed a two-headed ogre
 18106 | D:11     | Killed a two-headed ogre
 18107 | D:11     | Reached skill level 10 in Fighting
 18376 | D:12     | Found a runed translucent gate.
 18376 | D:12     | Found a runed translucent gate.
 18376 | D:12     | Found a runed translucent gate.
 18460 | D:12     | Noticed Lodul
 18473 | D:12     | Noticed Frances
 18946 | D:12     | Reached XP level 13. HP: 103/103 MP: 28/28
 19348 | D:12     | Noticed CryoSword's ghost (journeyman DgCj)
 19470 | D:12     | Killed Lodul
 19733 | D:12     | Killed Frances
 19734 | D:12     | Reached skill level 10 in Earth Magic
 20713 | Lair:3   | Found a staircase to the Shoals.
 20916 | Lair:3   | Noticed a fire dragon
 21422 | Lair:3   | Reached skill level 10 in Dodging
 23153 | Lair:5   | Entered Level 5 of the Lair of Beasts
 23328 | Lair:5   | Identified the +1 falchion of the Other Side {heavy, rF-
                  | rN+ Int+4}
 24003 | Orc:2    | Entered Level 2 of the Orcish Mines
 24003 | Orc:2    | Found a staircase to the Elven Halls.
 24072 | Orc:2    | Reached skill level 12 in Spellcasting
 24239 | Orc:2    | Noticed an orc warlord
 24385 | Orc:2    | Killed an orc warlord
 24386 | Orc:2    | Gained mutation: You have a tail ending in a sharp stinger.
                  | [demonic ancestry]
 24386 | Orc:2    | Reached XP level 14. HP: 113/113 MP: 7/30
 24662 | Orc:2    | Found Qolaar's Armour Shop.
 25061 | Orc:2    | Found Xapnig's Weapon Boutique.
 25072 | Orc:2    | Found Fumaush's Antique Armour Shop.
 25073 | Orc:2    | Found Vohel's Jewellery Shoppe.
 25557 | Orc:1    | Noticed an orc warlord
 26193 | Lair:4   | Bought an encrusted orb for 336 gold pieces
 26193 | Lair:4   | Identified the orb of the Bulwark {mayhem, Will+++ Int-2
                  | Dex-3 Slay+5} (You bought it in a shop on level 4 of the
                  | Lair of Beasts)
 26197 | Lair:4   | Bought a book of the Earth for 612 gold pieces
 26199 | Lair:4   | Learned a level 1 spell: Apportation
 26199 | Lair:4   | Acquired Etuwur's Spellbook of Dislocated Shades
 26207 | Lair:4   | Learned a level 5 spell: Borgnjor's Vile Clutch
 26388 | Lair:5   | Reached skill level 1 in Necromancy
 26446 | Lair:5   | Found a viscous altar of Jiyva.
 26577 | Lair:5   | Found a staircase to the Slime Pits.
 27936 | Lair:5   | Gained mutation: You are robust. (+10% HP) [demonic
                  | ancestry]
 27936 | Lair:5   | Reached XP level 15. HP: 115/132 MP: 23/31
 28009 | Lair:5   | Learned a level 6 spell: Statue Form
 28039 | Lair:5   | Identified the staff of death "Dytoishe" {rN+ Str+2 Dex+3}
 28368 | Orc:1    | Found Bemuet's Vocational Training.
 28532 | Orc:1    | Bought a manual of Evocations for 960 gold pieces
 29211 | D:13     | Noticed Josephine
 29218 | D:13     | Killed Josephine
 29363 | D:13     | Found a snail-covered altar of Cheibriados.
 29637 | D:14     | Reached skill level 13 in Spellcasting
 29822 | D:14     | Reached skill level 10 in Evocations
 29950 | D:14     | Identified the +9 rapier of the Hungering Gods {vamp, rN+
                  | rCorr Int+2}
 30452 | D:14     | Noticed Rupert
 30457 | D:14     | Killed Rupert
 30579 | D:14     | Identified the +4 rapier "Ogugedgh" {heavy, rF+ Dex+2}
 30590 | D:14     | Found Ruesch's General Store.
 30598 | D:14     | Bought 2 potions of magic for 224 gold pieces
 30598 | D:14     | Bought a phantom mirror for 560 gold pieces
 30653 | D:14     | Found a radiant altar of Vehumet.
 30672 | D:14     | Reached skill level 5 in Necromancy
 30984 | D:14     | Found a gate to the Vaults.
 31031 | D:14     | Found a shadowy altar of Dithmenos.
 31148 | D:15     | Entered Level 15 of the Dungeon
 31279 | D:15     | Identified the +4 ring mail of Hatsena {Str+3}
 31873 | D:15     | Found a blossoming altar of Fedhas.
 32516 | D:15     | Found a staircase to the Depths.
 32893 | Elf:1    | Entered Level 1 of the Elven Halls
 32988 | Elf:1    | Reached skill level 5 in Transmutations
 33562 | Elf:1    | Gained mutation: You have a pair of large antennae on your
                  | head. (SInv) [demonic ancestry]
 33562 | Elf:1    | Reached XP level 16. HP: 141/141 MP: 14/33
 34005 | Elf:1    | Got Kaeceiva's Grimoire of Convocation
 34367 | Elf:1    | Learned a level 4 spell: Animate Armour
 34628 | Elf:2    | Found Ereijid's Antique Weapon Shop.
 34656 | Elf:2    | Found a flickering gateway to a bazaar.
 34662 | Bazaar   | Entered a bazaar
 34676 | Bazaar   | Found Vedug's Antique Weapon Emporium.
 34692 | Bazaar   | Found Quirhag's Antique Armour Shoppe.
 34708 | Bazaar   | Found Anocrul's Weapon Emporium.
 34724 | Bazaar   | Found Loxzait's Assorted Antiques.
 34724 | Bazaar   | Found Wucis's Jewellery Shoppe.
 34754 | Bazaar   | Bought a scroll of teleportation for 48 gold pieces
 34760 | Bazaar   | Bought the ring of Acinon {Wiz rElec} for 528 gold pieces
 34800 | Bazaar   | Bought a glowing robe for 74 gold pieces
 34800 | Bazaar   | Bought an embroidered robe for 74 gold pieces
 34869 | Bazaar   | Bought a pair of ichor-stained gloves for 152 gold pieces
 34869 | Bazaar   | Identified the +1 pair of gloves of Melancholy {*Corrode
                  | +Inv MP+9 Str+7} (You bought it in a shop in a bazaar)
 34879 | Bazaar   | Bought an amulet of magic regeneration for 360 gold pieces
 34950 | Elf:2    | Found a runed translucent door.
 34951 | Elf:2    | Found a shimmering altar of Xom.
 34951 | Elf:2    | Noticed Zanapn's ghost (journeyman DEAE)
 35028 | Elf:2    | Found Doeskoop's Distillery.
 35038 | Elf:2    | Bought a potion of haste for 150 gold pieces
 35038 | Elf:2    | Bought a potion of heal wounds for 75 gold pieces
 35038 | Elf:2    | Bought a potion of heal wounds for 75 gold pieces
 35038 | Elf:2    | Bought a potion of curing for 45 gold pieces
 35038 | Elf:2    | Bought a potion of lignification for 45 gold pieces
 35038 | Elf:2    | Bought a potion of cancellation for 120 gold pieces
 35038 | Elf:2    | Bought a potion of might for 60 gold pieces
 35038 | Elf:2    | Bought a potion of brilliance for 60 gold pieces
 35965 | Elf:2    | Found a runed translucent gate.
 35965 | Elf:2    | Found a runed translucent gate.
 35969 | Elf:2    | Found a runed translucent gate.
 36032 | Elf:3    | Entered Level 3 of the Elven Halls
 36044 | Elf:3    | Learned a level 6 spell: Death Channel
 36183 | Elf:3    | Found the +7 lajatang of Order {silver, rMut}
 36431 | Elf:3    | Found Ymoc's Book Shop.
 36447 | Elf:3    | Paralysed by an air elemental for 1 turns
 36805 | Elf:3    | Noticed an Ice Fiend
 36808 | Elf:3    | Noticed a deep elf master archer
 36812 | Elf:3    | Killed a deep elf master archer
 36816 | Elf:3    | Killed a ghostly deep elf master archer
 36816 | Elf:3    | Noticed a deep elf blademaster
 36824 | Elf:3    | Killed a deep elf blademaster
 36978 | Elf:3    | Identified the amulet of Xoleris {Faith -Cast rPois Regen+
                  | Stlth+}
 36978 | Elf:3    | Noticed a deep elf master archer
 36985 | Elf:3    | Killed a deep elf master archer
 37141 | Elf:3    | Identified the +3 war axe of Tension {freeze, *Rage rF+++
                  | Int+4}
 37143 | Elf:3    | Noticed a deep elf blademaster
 37145 | Elf:3    | Reached skill level 14 in Spellcasting
 37145 | Elf:3    | Identified the amulet "Guuhyfox" {Regen+ Str+7}
 37150 | Elf:3    | Killed a deep elf blademaster
 37154 | Elf:3    | Identified the amulet "Tituvven" {Regen+ Dex+3}
 37162 | Elf:3    | Gained mutation: You have a sharp stinger which inflicts
                  | weakening toxins. [demonic ancestry]
 37162 | Elf:3    | Reached XP level 17. HP: 150/150 MP: 16/35
 37324 | Elf:3    | Found the +3 Elemental Staff {rElec rF++ rC++ AC+5}
 37331 | Elf:3    | Identified the staff of cold "Ocwi" {rF- rC+ Dex+5 Stlth+}
 37333 | Elf:3    | Identified the staff of cold "Nujosch" {rC+ Will++ Int-3
                  | SInv}
 37334 | Elf:3    | Identified the +1 cloak of the Three Invaders {rPois rN++}
 37407 | Elf:3    | Identified the +10 spear of Seiczo {heavy, Will+ Str+2
                  | Stlth-}
 37421 | Elf:3    | Identified the +2 sling "Pendulum" {antimagic, rPois Int+5}
 38007 | Spider:1 | Entered Level 1 of the Spider Nest
 41827 | Spider:4 | Entered Level 4 of the Spider Nest
 41837 | Spider:4 | Reached skill level 15 in Spellcasting
 42017 | Spider:4 | Gained mutation: Your spells are a little easier to cast,
                  | but a little less powerful. [mutagenic glow]
 42493 | Spider:4 | Reached XP level 18. HP: 161/161 MP: 17/37
 43306 | Spider:4 | Got a gossamer rune of Zot
 43545 | Shoals:1 | Entered Level 1 of the Shoals
 43581 | Shoals:1 | Reached skill level 15 in Evocations
 44831 | Shoals:2 | Reached skill level 16 in Spellcasting
 45007 | Shoals:2 | Noticed Polyphemus
 45019 | Shoals:2 | Killed Polyphemus
 45340 | Shoals:2 | Reached skill level 15 in Fighting
 45739 | Shoals:3 | Noticed Nikola
 45751 | Shoals:3 | Killed Nikola
 46285 | Shoals:3 | Noticed Louise
 46299 | Abyss:3  | Found a corrupted altar of Lugonu.
 46299 | Abyss:3  | Cast into level 3 of the Abyss (Louise)
 46479 | Abyss:3  | Noticed a bone dragon
 46489 | Abyss:3  | Killed a bone dragon
 46558 | Shoals:3 | Escaped the Abyss
 46572 | Shoals:3 | Killed Louise
 46794 | Shoals:3 | Gained mutation: You have very sharp fingernails. [demonic
                  | ancestry]
 46794 | Shoals:3 | Reached XP level 19. HP: 154/170 MP: 7/39
 46969 | Shoals:4 | Entered Level 4 of the Shoals
 47324 | Shoals:4 | Identified the +5 trident of the Endless Expanse {drain,
                  | Contam rPois rF+ rN++}
 47918 | Shoals:4 | Noticed Mara
 47926 | Shoals:4 | Killed Mara
 48064 | Shoals:4 | Learned a level 4 spell: Dispel Undead
 48125 | Shoals:4 | Found Xaloirphiofu's Antique Armour Emporium.
 48285 | Shoals:4 | Got a barnacled rune of Zot
 48614 | Lair:2   | Bought a Necronomicon for 896 gold pieces
 48767 | Vaults:1 | Entered Level 1 of the Vaults
 48770 | Vaults:1 | Bought a potion of curing for 75 gold pieces
 48775 | Vaults:1 | Bought a book of Iron for 432 gold pieces
 48775 | Vaults:1 | Bought a book of Death for 528 gold pieces
 48782 | Vaults:1 | Learned a level 6 spell: Iron Shot
 48795 | Vaults:1 | Noticed Zenata
 48805 | Vaults:1 | Reached skill level 17 in Spellcasting
 48810 | Vaults:1 | Killed Zenata
 48811 | Vaults:1 | Reached skill level 1 in Conjurations
 49094 | Vaults:1 | Found Heired's Book Boutique.
 50471 | Vaults:2 | Found Mosohopn's Assorted Antiques.
 50488 | Vaults:2 | Bought a potion of magic for 328 gold pieces
 50488 | Vaults:2 | Bought a potion of curing for 123 gold pieces
 50488 | Vaults:2 | Bought a scroll of fear for 164 gold pieces
 50488 | Vaults:2 | Bought a transparent robe for 233 gold pieces
 50488 | Vaults:2 | Identified the +0 robe of Umnesuc {rPois Regen+} (You
                  | bought it in a shop on level 2 of the Vaults)
 50705 | Vaults:2 | Found a staircase to the Crypt.
 50763 | Vaults:2 | Gained mutation: A meltable icy envelope protects you from
                  | harm. (AC +0) [demonic ancestry]
 50763 | Vaults:2 | Reached XP level 20. HP: 180/180 MP: 39/41
 50909 | Vaults:2 | Found a transporter.
 50909 | Vaults:2 | Noticed 112233's ghost (adept DEEE)
 50928 | Vaults:2 | Found a transporter.
 50932 | Vaults:2 | Noticed an ancient lich
 51161 | Vaults:2 | Reached skill level 15 in Dodging
 51483 | Abyss:3  | Cast into level 3 of the Abyss (a wizard)
 51594 | Vaults:2 | Escaped the Abyss
 52183 | Vaults:2 | Identified the +2 robe of Mewnec {rN+ MP+9 Int-5}
 52361 | Vaults:2 | Reached skill level 10 in Necromancy
 52586 | Vaults:3 | Reached skill level 18 in Spellcasting
 52619 | Vaults:3 | Paralysed by a sphinx for 5 turns
 52636 | Vaults:3 | Reached skill level 5 in Conjurations
 53417 | Vaults:1 | Bought the Thoughts on Beguiling Stones for 456 gold pieces
 53829 | Vaults:3 | Found a runed translucent gate.
 53829 | Vaults:3 | Found a runed translucent gate.
 53829 | Vaults:3 | Found a runed translucent gate.
 53831 | Vaults:3 | Noticed Kiqipt's ghost (adept HuMo)
 54472 | Vaults:4 | Noticed Sojobo
 54482 | Vaults:4 | Killed Sojobo
 55128 | Vaults:4 | Noticed Xtahua
 55140 | Vaults:4 | Killed Xtahua
 55141 | Vaults:4 | Reached XP level 21. HP: 182/189 MP: 12/43
 55770 | Vaults:4 | Noticed Saint Roka
 55795 | Vaults:4 | Killed Saint Roka
 55977 | Vaults:5 | Entered Level 5 of the Vaults
 56137 | Vaults:1 | Bought a book of Transfigurations for 480 gold pieces
 56143 | Vaults:1 | Learned a level 5 spell: Irradiate
 56166 | Vaults:1 | Learned a level 8 spell: Infestation
 56323 | Vaults:5 | Gained mutation: Your muscles are strong. (Str +4, Int/Dex
                  | -1) [mutagenic glow]
 56327 | Vaults:5 | Reached skill level 19 in Spellcasting
 56333 | Vaults:5 | Identified the +1 robe of the Barber Surgeon {rC+ Int+2}
 56343 | Vaults:5 | Identified the staff of earth "Dyosighu" {Fly Will+++ Int-3
                  | SInv}
 56343 | Vaults:5 | Identified the ring of Darkness {rCorr Dex+3 SInv}
 56345 | Vaults:5 | Noticed a golden dragon
 56352 | Vaults:5 | Killed a golden dragon
 56393 | Vaults:5 | Reached XP level 22. HP: 136/200 MP: 6/45
 56710 | Vaults:5 | Found the +15 Maxwell's patent armour {-Cast -Tele rElec
                  | Will+ rCorr}
 56717 | Vaults:5 | Got a silver rune of Zot
 56742 | Vaults:5 | Identified the +8 long sword of Bih Xino {venom, rF+}
 56783 | Vaults:5 | Reached skill level 15 in Earth Magic
 57022 | Vaults:5 | Noticed an ancient lich
 57027 | Vaults:5 | Killed an ancient lich
 57138 | Vaults:5 | Found the +1 cloak of Starlight {*Dazzle EV+4 Stlth--}
 57150 | Vaults:5 | Identified the +8 broad axe of the Depths {flame, rElec rN+
                  | Str-5 SInv}
 57302 | Vaults:5 | Found Poaluud's Antique Weapon Boutique.
 57371 | Vaults:5 | Identified the +6 long sword of Context {venom, rElec Will+
                  | rCorr Str+3}
 57581 | Vaults:5 | Identified the +6 falchion "Lailuodd" {holy, Stlth+}
 58021 | Vaults:4 | Learned a level 8 spell: Necromutation
 58133 | Crypt:1  | Entered Level 1 of the Crypt
 58461 | Vaults:2 | Learned a level 8 spell: Borgnjor's Revivification
 58588 | Depths:1 | Entered Level 1 of the Depths
 58603 | Depths:1 | Reached skill level 10 in Transmutations
 58642 | Depths:1 | Found a one-way gate to the infinite horrors of the Abyss.
 58977 | Depths:1 | Found a gateway to Hell.
 59120 | Depths:1 | Found a one-way gateway to a ziggurat.
 59120 | Depths:1 | Noticed an ancient lich
 59128 | Depths:1 | Reached skill level 20 in Spellcasting
 59130 | Depths:1 | Killed an ancient lich
 59227 | Depths:1 | Noticed a juggernaut
 59234 | Depths:1 | Killed a juggernaut
 59280 | Depths:1 | Paralysed by a sphinx for 3 turns
 59700 | Depths:2 | Found a one-way gate leading to the halls of Pandemonium.
 59840 | Depths:2 | Found Esmuomu's Book Emporium.
 59929 | Depths:2 | Found an ornate altar of the Wu Jian Council.
 60037 | Depths:2 | Found a runed translucent door.
 60096 | Depths:2 | Found a runed translucent door.
 60099 | Depths:2 | Noticed Fopulom's ghost (veteran GrEE)
 60115 | Depths:2 | Found a runed translucent door.
 60122 | Depths:2 | Found a runed translucent door.
 60172 | Depths:2 | Identified the ring "Puaschu" {Int+3 Dex+6}
 60534 | Depths:3 | Gained mutation: You have claws for hands. [demonic
                  | ancestry]
 60534 | Depths:3 | Reached XP level 23. HP: 200/209 MP: 32/47
 60614 | Depths:3 | Found an opulent altar of Gozag.
 60977 | Depths:3 | Found Qabikol's General Store.
 61314 | Depths:3 | Identified the staff of poison "Nuxt" {rPois Will+}
 61316 | Depths:3 | Identified the staff of fire "Cuatwupt" {rElec rF+ rC++
                  | Str-5 Stlth+}
 61660 | Depths:4 | Entered Level 4 of the Depths
 62093 | Depths:4 | Found a gate to the Realm of Zot.
 62273 | Depths:4 | Identified the +0 pair of boots of Receil {*Slow rPois
                  | rCorr Slay+6}
 62705 | Zot:1    | Entered Level 1 of the Realm of Zot
 62705 | Zot:1    | Noticed an orb of fire
 62808 | Zig:1    | Entered Level 1 of a ziggurat
 62823 | Zig:2    | Entered Level 2 of a ziggurat
 62833 | Zig:2    | Reached skill level 21 in Spellcasting
 62842 | Zig:2    | Identified the +4 arbalest "Imipn" {heavy, rPois rF+ rN+
                  | Int-2}
 62852 | Zig:3    | Entered Level 3 of a ziggurat
 63114 | Zig:4    | Entered Level 4 of a ziggurat
 63118 | Zig:4    | Noticed a dread lich
 63129 | Zig:4    | Killed a dread lich
 63384 | Zig:4    | Got Sif Muna's Verses on Transformation and Sidekicks
 63394 | Zig:5    | Entered Level 5 of a ziggurat
 63406 | Zig:5    | Reached skill level 15 in Necromancy
 63522 | Zig:6    | Entered Level 6 of a ziggurat
 63592 | Zig:7    | Entered Level 7 of a ziggurat
 63720 | Zig:7    | Identified the ring "Ter Hefu" {Fly rCorr}
 63723 | Zig:7    | Got the Parchment of Kinetic Energy and Production
 63727 | Zig:7    | Acquired the ring of Deapp {rF+ Int+6}
 63736 | Zig:7    | Identified the staff of death "Neiwn" {rC+ rN+}
 63854 | Zig:8    | Entered Level 8 of a ziggurat
 63856 | Zig:8    | Noticed a caustic shrike
 63858 | Zig:8    | Noticed an ancient lich
 63861 | Zig:8    | Killed a caustic shrike
 63874 | Zig:8    | Killed an ancient lich
 64016 | Zig:8    | Identified the +1 robe "Loreatai" {Int+5}
 64017 | Zig:8    | Identified the staff of cold "Bidurup" {rC+ Dex+3}
 64025 | Zig:8    | Identified the +10 scimitar "Transmigrator" {spect, Fragile
                  | rC+++ Will+ Str+2}
 64048 | Zig:9    | Entered Level 9 of a ziggurat
 64056 | Zig:9    | Found the +7 mace of Variability {chaos, chain chaos}
 64081 | Zig:9    | Reached XP level 24. HP: 175/218 MP: 5/48
 64175 | Zig:9    | Identified the +8 war axe "Haiqeot" {freeze, rC+}
 64185 | Zig:9    | Identified the ring "Quiff" {rPois Will+ Str+3 Dex+6}
 64192 | Zig:10   | Entered Level 10 of a ziggurat
 64294 | Zig:10   | Gained mutation: You are very robust. (+20% HP) [demonic
                  | ancestry]
 64294 | Zig:10   | Reached XP level 25. HP: 218/247 MP: 48/48
 64299 | Zig:10   | Reached XP level 26. HP: 233/255 MP: 48/48
 64310 | Zig:10   | Learned a level 9 spell: Shatter
 64327 | Zig:11   | Entered Level 11 of a ziggurat
 64498 | Zig:11   | Identified the ring of the Arcadian God {EV+5 Int+2}
 64526 | Zig:12   | Entered Level 12 of a ziggurat
 64607 | Zig:12   | Noticed Eweede the pandemonium lord
 64623 | Zig:13   | Entered Level 13 of a ziggurat
 64631 | Zig:13   | Noticed Beunet the pandemonium lord
 64635 | Zig:13   | Noticed Igavor the pandemonium lord
 64635 | Zig:13   | Noticed Boleebo the pandemonium lord
 64636 | Zig:13   | Noticed Iruisil the pandemonium lord
 64636 | Zig:13   | Paralysed by a floating eye for 2 turns
 64639 | Zig:13   | Killed Igavor the pandemonium lord
 66633 | Crypt:3  | Entered Level 3 of the Crypt
 66736 | Crypt:3  | Reached skill level 22 in Spellcasting
 66774 | Crypt:3  | Reached skill level 1 in Unarmed Combat
 67119 | Crypt:3  | Found a staircase to the Tomb.
 67486 | Crypt:3  | Identified the amulet "Bonecets" {-Tele rPois Regen+ Str+3
                  | Stlth+}
 68305 | Crypt:3  | Found the +8 arc blade {discharge, rElec}
 68647 | Lair:5   | Bought a scroll of teleportation for 54 gold pieces
 68649 | Lair:5   | Bought a wand of roots (8) for 345 gold pieces
 68652 | Lair:5   | Fell from the grace of Gozag
 68652 | Lair:5   | Became a worshipper of Jiyva Jucluif the Shapeless
 69060 | Crypt:3  | Identified the amulet "Tunn" {Contam Rampage Fly rN+
                  | Regen+}
 69060 | Crypt:3  | Identified the ring "Lexzeps" {rN+ Str+3}
 69324 | Crypt:3  | Got Kikubaaqudgha's Secrets of Stolen Souls
 69325 | Crypt:3  | Identified the staff of cold "Kuto" {rC+ Int+2}
 69337 | Crypt:3  | Identified the +2 short sword of Bivif {heavy, rElec Str+2
                  | Int-4}
 69430 | Tomb:1   | Entered Level 1 of the Tomb of the Ancients
 69707 | Tomb:1   | Noticed a royal mummy
 69712 | Tomb:1   | Killed a royal mummy
 69717 | Tomb:1   | Noticed a royal mummy
 69726 | Tomb:1   | Killed a royal mummy
 69978 | Tomb:1   | Reached * piety under Jiyva
 70236 | Tomb:1   | Gained mutation: You are extremely robust. (+30% HP)
                  | [demonic ancestry]
 70236 | Tomb:1   | Reached XP level 27. HP: 258/288 MP: 44/49
 70243 | Tomb:1   | Reached skill level 5 in Unarmed Combat
 70638 | Tomb:1   | Noticed a royal mummy
 70641 | Tomb:1   | Killed a royal mummy
 70644 | Tomb:1   | Noticed a royal mummy
 70649 | Tomb:1   | Killed a royal mummy
 70655 | Tomb:1   | Noticed a royal mummy
 70657 | Tomb:1   | Noticed a royal mummy
 70659 | Tomb:1   | Killed a royal mummy
 70664 | Tomb:1   | Noticed a royal mummy
 70673 | Tomb:1   | Killed a royal mummy
 70674 | Tomb:1   | Noticed a royal mummy
 70676 | Tomb:1   | Killed a royal mummy
 70680 | Tomb:1   | Killed a royal mummy
 70771 | Tomb:1   | Noticed a royal mummy
 70779 | Tomb:1   | Noticed a royal mummy
 70876 | Tomb:1   | Killed a royal mummy
 70881 | Tomb:1   | Noticed a royal mummy
 71017 | Tomb:1   | Killed a royal mummy
 71043 | Tomb:1   | Noticed a royal mummy
 71044 | Tomb:1   | Killed a royal mummy
 71052 | Tomb:1   | Killed a royal mummy
 71197 | Tomb:1   | Noticed a royal mummy
 71197 | Tomb:1   | Noticed a royal mummy
 71197 | Tomb:1   | Noticed a royal mummy
 71197 | Tomb:1   | Noticed a royal mummy
 71566 | Tomb:1   | Noticed a royal mummy
 71573 | Tomb:1   | Killed a royal mummy
 71793 | Tomb:1   | Killed a royal mummy
 72035 | Crypt:3  | Killed a royal mummy
 72223 | Tomb:1   | Killed a royal mummy
 72278 | Tomb:1   | Noticed a royal mummy
 72288 | Tomb:1   | Killed a royal mummy
 72675 | Tomb:1   | Noticed a royal mummy
 72699 | Tomb:1   | Noticed a royal mummy
 72701 | Tomb:1   | Noticed a royal mummy
 72701 | Tomb:1   | Noticed a royal mummy
 72703 | Tomb:1   | Noticed a royal mummy
 72704 | Tomb:1   | Noticed a royal mummy
 73018 | Crypt:3  | Learned a level 7 spell: Haunt
 73425 | Hell     | Entered the Vestibule of Hell
 73425 | Hell     | Noticed Geryon
 73442 | Hell     | HP: 15/374 [reaper/+2 vampiric scythe (8)]
 73442 | Hell     | Slain by a reaper

Illustrated notes

Levels and vault maps discovered:
D:1:      amcnicky_arrival_underground_garden, layout_loops_cross, minmay_vboxes
D:2:      layout_loops_ring, serial_shops, shop
D:3:      layout_basic, mainiacjoe_overflow_concentric_impassable,
          ebering_ecumenical_altar_mist, uniq_grinder
D:4:      layout_cave_pools, uniq_ijyb, uniq_crazy_yiuf_cottage, uniq_robin
D:5:      layout_loops_ring, portal_sewer_entry_c, serial_shops,
          nicolae_inconvenience_store, nicolae_stop_n_shop_1, shop,
          chequers_serial_rivers_micro_e, nicolae_figureground_pulse
D:6:      layout_basic, minitemple, minmay_temple_entry_overgrown,
          grunt_decor_mini_mirrors
D:7:      layout_gridville, serial_shops, shop, minmay_quadrilaterals,
          uniq_menkaure, uniq_pikel, uniq_duvessa
D:8:      layout_basic, minmay_fire_ice_demons, uniq_maurice, uniq_gastronok,
          uniq_grum, uniq_amaemon
D:9:      layout_basic, mainiacjoe_overflow_surrounded_room,
          lemuel_coloured_pillars_altar,
          grunt_temple_overflow_order_and_chaos_1,
          nicolae_overflow_two_pavilions, orc_0_dummy, enter_bailey_7,
          nicolae_good_shop
D:10:     layout_roguey, lair_entry_dummy, chequers_serial_rivers_micro_e
D:11:     layout_basic
D:12:     layout_basic, gammafunk_ghost_nasty_kobolds, minmay_rotating_lava,
          uniq_frances, uniq_lodul
D:13:     layout_basic, hangedman_abyss_or_decor_clamps, cheibriados_altar_1,
          uniq_josephine
D:14:     layout_rooms, david_vaults_3, serial_shops, shop,
          grunt_dithmenos_smoke_and_mirrors, nicolae_vehumet_altar_sigil
D:15:     grunt_enter_depths_hoard, layout_loops_cross, serial_bayou_pond_d,
          fedhas_altar_4
Lair:1:   layout_cave_pods, nicolae_volcano_entry_lava_flow
Lair:2:   statuecave_lemuel, layout_chaotic_city, grunt_megastairs_4,
          lemuel_fruit_fields
Lair:3:   dragon1_lemuel, layout_layer_cave, nicolae_shoals_entry_roost,
          nicolae_spider_entry_tight_spaces,
          portal_ice_cave_entry_ice_simulacra, st_stairs_8,
          infiniplex_staircase_pool, uniq_rupert
Lair:4:   layout_small_grid, st_stairs_10
Lair:5:   evilmike_catoblepas_cave, layout_cave_shapes,
          minmay_slime_entry_pillars
Shoals:1: layout_shoals, hangedman_shoals_cup_caves
Shoals:2: layout_shoals, uniq_polyphemus
Shoals:3: layout_shoals, uniq_nikola, uniq_louise
Shoals:4: shoals_end_hangedman, layout_shoals, serial_shops,
          nicolae_lakefront_shop, nicolae_shoals_cliffside_cave, ldierk_geyser,
          uniq_mara
Spider:1: layout_spider_delve, nicolae_spider_swamp_cousins
Spider:2: layout_spider_delve
Spider:3: layout_spider_delve
Spider:4: grunt_spider_rune_parallel
Orc:1:    layout_caves, nicolae_shop_vocational
Orc:2:    st_orc_open, layout_caves
Elf:1:    eino_elf_arrival_sip, layout_loops_corners, minmay_elf_demonology
Elf:2:    nicolae_elf_blades_splatter_lattice
          [nicolae_vaults_blade_armed_guards], layout_gridlike, serial_shops,
          bzr_entry_road, nicolae_shop_stone, shop_fountains, ebering_ghost_xom,
          laboratory
Elf:3:    grunt_elf_hall_asides, layout_onion_city, serial_shops, shop
Vaults:1: nicolae_vaults_ninety_degrees, ontoclasm_vaults_fault,
          nicolae_vaults_specimen_jars, vaults_dpeg_hooks, v_misc_31,
          grunt_vaults_hallway_short, v_misc_16, hangedman_vaults_slice,
          hangedman_vaults_trim, v_pattern_2, grunt_vaults_hallway_long,
          nicolae_vaults_alarming, layout_vaults_omnibox, serial_shops,
          nicolae_diamond_shop, uniq_zenata
Vaults:2: gammafunk_ghost_mausoleum, nicolae_vaults_network_star,
          nicolae_vaults_network_s, minmay_crypt_entry_simple_sparse,
          nicolae_vaults_circle_grid_a, vaults_standard_mumra_enter_the_diamond,
          nicolae_vaults_little_squares_3, grunt_vaults_focal, v_alt_pattern_6,
          v_alt_pattern_3, vaults_dpeg_diagonal,
          nicolae_vaults_diagonal_hallway_8, nicolae_vaults_little_squares_4,
          vaults_dpeg_encased_lava, layout_vaults_omnicross, serial_shops, shop
Vaults:3: gammafunk_ghost_tricky_traps, v_misc_10, vaults_room_grid,
          v_pattern_4, vaults_room_door_hall, dpeg_vaults_monster_row,
          vaults_mumra_hexcomb, ontoclasm_vaults_ring_small, vaults_room_pool,
          layout_vaults_big_room
Vaults:4: nicolae_vaults_little_squares_1, v_rooms_4, v_misc_9,
          nicolae_vaults_circle_grid_b, nicolae_vaults_network_periphery,
          v_misc_22, vaults_room_corners, vaults_mumra_minichess,
          vaults_dpeg_cross, nicolae_vaults_little_squares_6,
          layout_vaults_ring, uniq_saint_roka, uniq_sojobo, uniq_xtahua
Vaults:5
Crypt:1:  layout_misc_corridors, minmay_misc_feat_five,
          grunt_crypt_arrival_guarded_gate
Crypt:2:  layout_chaotic_city
Crypt:3:  due_elkab, layout_chaotic_city, skrybe_necro_troll_2
Tomb:1
Depths:1: layout_cave_pools, enter_ziggurat_d, grunt_hell_entry_dis_mu,
          abyss_entry, st_stairs_8, hangedman_decor_peaks_small, kb_rosetta
Depths:2: minmay_the_grid_four_pointed_star_mashed
          [minmay_the_grid_triangle_9x9_sprig,
          minmay_the_grid_triangle_9x9_corrupted_corridor,
          minmay_the_grid_triangle_9x9_fully_insulated_deathbox,
          minmay_the_grid_triangle_9x9_swiss_cheese,
          minmay_the_grid_prize_four_corners], layout_cave_pools,
          grunt_pan_entry_sceptre, ebering_ghost_inner_flame,
          minmay_misc_feat_chi, hell_entry, serial_shops, shop_fountains,
          nicolae_wu_jian_wuxing_cycle, minmay_staircase_statues_hall_small
Depths:3: cross_vault, layout_basic, abyss_entry, pf_hell_entry_great_geh,
          serial_curves, eino_curves_02, eino_curves_02, serial_shops,
          nicolae_shop_statue_plus,
          nicolae_gozag_cash_rules_everything_around_me, minmay_staircase_bubble
Depths:4: grunt_x_marks_the_spot, layout_cave_pools, hellmouth_1,
          amcnicky_mini_rare_corridor_liquid, uniq_grunn
Hell
Zot:1:    layout_twisted_circle

Skill      XL: |  1  2  3  4  5  6  7  8  9 10 11 12 13 14 15 16 17 18 19 20 21 22 23 24 25 26 27 |
---------------+----------------------------------------------------------------------------------+-----
Transmutations | 1 3 5 6 7 9 10 | 10.4
Spellcasting   | 3 4 6 7 8 9 10 11 12 13 14 15 16 17 18 19 20 21 22 | 22.6
Dodging        | 2 3 4 6 7 8 9 10 11 12 13 14 15 16 17 18 | 18.1
Earth Magic    | 3 4 5 6 7 8 9 10 11 12 13 14 15 16 17 18 | 18.0
Fighting       | 1 2 4 6 7 8 10 11 12 13 14 15 16 17 18 19 | 19.4
Evocations     | 3 5 7 8 9 11 12 14 15 | 15.9
Necromancy     | 3 6 7 8 9 10 12 13 15 16 17 18 | 18.3
Conjurations   | 3 6 8 |  8.0
Unarmed Combat | 4 6 |  6.3
Stealth        | |  1.9

Action                     |  1- 3 |  4- 6 |  7- 9 | 10-12 | 13-15 | 16-18 | 19-21 | 22-24 | 25-27 || total
---------------------------+-------+-------+-------+-------+-------+-------+-------+-------+-------++-------
  Melee: Unarmed           |     8 |       |       |       |       |       |       |       |       ||     8
         Tailslap          |     1 |     1 |     1 |     3 |     5 |    33 |    37 |    25 |    32 ||   138
         Spear             |       |     5 |    12 |       |       |       |       |       |       ||    17
         Staff             |       |       |       |    18 |    30 |   138 |   164 |   115 |    89 ||   554
         Punch             |       |       |       |     1 |       |     1 |     3 |     4 |     2 ||    11
         Lajatang          |       |       |       |       |       |     4 |     2 |       |       ||     6
   Cast: Sandblast         |    71 |    67 |   129 |    39 |    35 |       |       |       |       ||   341
         Stone Arrow       |       |       |   127 |   375 |   600 |   383 |    71 |       |       ||  1556
         Passwall          |       |       |     2 |     2 |       |       |       |       |       ||     4
         Petrify           |       |       |       |     2 |     3 |     2 |       |       |       ||     7
         Borgnjor's Vile C |       |       |       |       |   155 |   359 |   241 |   159 |    94 ||  1008
         Statue Form       |       |       |       |       |    10 |    82 |    51 |    40 |    13 ||   196
         Death Channel     |       |       |       |       |       |    47 |    42 |     9 |     5 ||   103
         Animate Armour    |       |       |       |       |       |     2 |       |       |       ||     2
         Apportation       |       |       |       |       |       |     7 |       |       |       ||     7
         Iron Shot         |       |       |       |       |       |       |   164 |   205 |   245 ||   614
         Dispel Undead     |       |       |       |       |       |       |     2 |    10 |       ||    12
         Infestation       |       |       |       |       |       |       |     6 |    36 |    23 ||    65
         Irradiate         |       |       |       |       |       |       |     1 |    18 |    21 ||    40
         Necromutation     |       |       |       |       |       |       |       |     8 |    19 ||    27
         Shatter           |       |       |       |       |       |       |       |       |     2 ||     2
 Invoke: Call Merchant     |       |       |       |       |     3 |       |     3 |       |     1 ||     7
         Potion Petition   |       |       |       |       |       |     1 |     4 |    10 |     4 ||    19
Ability: End Transformatio |       |       |       |       |       |       |       |     2 |       ||     2
  Evoke: Wand              |       |       |     1 |    18 |    30 |     2 |     2 |     5 |     2 ||    60
         Box of beasts     |       |       |       |     2 |     3 |     6 |     6 |     2 |     2 ||    21
         Condenser vane    |       |       |       |       |     6 |     8 |    11 |     5 |     5 ||    35
         Phantom mirror    |       |       |       |       |       |     1 |     1 |     1 |     3 ||     6
         Phial of floods   |       |       |       |       |       |       |     1 |       |       ||     1
         Tin of tremorston |       |       |       |       |       |       |     2 |     2 |     9 ||    13
    Use: Potion            |     1 |       |     1 |     1 |       |     4 |     7 |     1 |     5 ||    20
         Scroll            |       |       |    12 |    12 |     9 |     3 |     3 |     5 |    13 ||    57
   Stab: Sleeping          |       |       |       |     1 |       |       |       |       |       ||     1
         Paralysed         |       |       |       |       |     2 |       |       |       |       ||     2
         Distracted        |       |       |       |       |       |     2 |     7 |     2 |     4 ||    15
 Armour: Robe              |    18 |    12 |    51 |    58 |    68 |    16 |    25 |    61 |   190 ||   499
         Skin              |       |       |       |       |    16 |   553 |   450 |   238 |   177 ||  1434
  Dodge: Dodged            |    38 |    19 |   123 |   146 |   301 |   843 |   776 |   611 |   601 ||  3458
  Block: Other             |       |     2 |    21 |    33 |    62 |   155 |   127 |    68 |    91 ||   559

Table legend: (Time is in decaauts)
 A = Elapsed time spent in this place.
 B = Non-inter-level travel time spent in this place.
 C = Inter-level travel time spent in this place.
 D = Time resting spent in this place.
 E = Time spent auto-exploring this place.
 F = Levels seen in this place.
 G = Mean time per level.
                   A        B        C        D        E       F      G
               +--------+--------+--------+--------+--------+-----+--------+
         Total |  80744 |  73602 |   7142 |   8663 |  51199 |  66 | 1223.4 |
       Dungeon |  22053 |  19253 |   2800 |   3095 |  13372 |  15 | 1470.2 |
          Lair |   8699 |   7575 |   1124 |    634 |   5863 |   5 | 1739.8 |
        Shoals |   6121 |   5900 |    221 |    135 |   4673 |   4 | 1530.2 |
   Spider Nest |   6502 |   6303 |    199 |      0 |   5064 |   4 | 1625.5 |
  Orcish Mines |   3114 |   2848 |    266 |    398 |   1989 |   2 | 1557.0 |
   Elven Halls |   5332 |   4981 |    351 |    569 |   3286 |   3 | 1777.3 |
        Vaults |  10808 |   9733 |   1075 |    125 |   7600 |   5 | 2161.6 |
         Crypt |   5505 |   5120 |    385 |   1153 |   3106 |   3 | 1835.0 |
          Tomb |   2600 |   2243 |    357 |    549 |   1145 |   1 | 2600.0 |
        Depths |   5486 |   5128 |    358 |    470 |   3602 |   4 | 1371.5 |
          Hell |     22 |     22 |      0 |      0 |      0 |   1 |   22.0 |
           Zot |      2 |      2 |      0 |      0 |      0 |   1 |    2.0 |
         Abyss |    490 |    490 |      0 |     15 |     71 |   2 |  245.0 |
      Ziggurat |   2057 |   2057 |      0 |    791 |    640 |  13 |  158.2 |
        Bazaar |    247 |    247 |      0 |      0 |     77 |   1 |  247.0 |
         Sewer |    770 |    770 |      0 |    102 |    510 |   1 |  770.0 |
        Bailey |    927 |    927 |      0 |    624 |    196 |   1 |  927.0 |
               +--------+--------+--------+--------+--------+-----+--------+

Top non-repeatable levels by time:
 Crypt:3: 3533 daAuts
  Tomb:1: 2600 daAuts
    D:12: 2521 daAuts
Vaults:2: 2474 daAuts
     D:7: 2416 daAuts
Vaults:1: 2271 daAuts
Vaults:4: 2237 daAuts
   Orc:2: 2222 daAuts
   Elf:1: 2063 daAuts
  Lair:5: 2055 daAuts
Vaults:5: 2004 daAuts
  Lair:3: 1980 daAuts
    D:15: 1902 daAuts
Spider:3: 1888 daAuts
Shoals:4: 1860 daAuts
